| TOP OF THE 1ST |
|
Lynn Sailors batting - Pitching for Manchester Fisher Cats : RHP Octavio Avila
|
|
Pitching: RHP Octavio Avila
|
|
|
Batting: SHB Bip Roberts
|
0-0: Foul Ball, location: 2F 0-1: Ball 1-1: Ground out U3 (Groundball, 3, EV 92.5 MPH)
|
|
Batting: RHB Ron Wotus
|
0-0: Ground out 1-3 (Groundball, P, EV 71.9 MPH)
|
|
Batting: RHB Mike Rubel
|
0-0: Swinging Strike 0-1: Ball 1-1: Ball 2-1: Called Strike 2-2: Strikes out swinging
|
| Top of the 1st over - 0 runs, 0 hits, 0 errors, 0 left on base; Lynn 0 - Manchester 0 |
| BOTTOM OF THE 1ST |
|
Manchester Fisher Cats batting - Pitching for Lynn Sailors : LHP Rick Adair
|
|
Pitching: LHP Rick Adair
|
|
|
Batting: RHB Kevin Darst
|
0-0: Called Strike 0-1: Ball 1-1: Foul Ball, location: 2F 1-2: Foul Ball, location: 2F 1-2: Fly out, F8 (Line Drive, 8RM, EV 100.6 MPH)
|
|
Batting: RHB Reymundo Estevez
|
0-0: Foul Ball, location: 2F 0-1: Foul Ball, location: 2F 0-2: Ball 1-2: Foul Ball, location: 2F 1-2: SINGLE (Flyball, 9S, EV 92.5 MPH)
|
|
Batting: SHB Stan Javier
|
0-0: Called Strike 0-1: Ball 1-1: Ball 2-1: Swinging Strike 2-2: Strikes out swinging
|
|
Batting: SHB Danny Hernandez
|
0-0: Foul Ball, location: 2F 0-1: Ball 1-1: Ball 2-1: Fly out, F8 (Line Drive, 8RM, EV 101.9 MPH)
|
| Bottom of the 1st over - 0 runs, 1 hit, 0 errors, 1 left on base; Lynn 0 - Manchester 0 |
| TOP OF THE 2ND |
|
Lynn Sailors batting - Pitching for Manchester Fisher Cats : RHP Octavio Avila
|
|
Batting: RHB Ken Gerhart
|
0-0: Fly out, F8 (Flyball, 8RS, EV 88.8 MPH)
|
|
Batting: RHB Mike Reddish
|
0-0: Ball 1-0: Ball 2-0: Foul Ball, location: 2F 2-1: Fly out, F8 (Flyball, 8RD, EV 95.0 MPH)
|
|
Batting: RHB Jorge Hinojosa
|
0-0: Called Strike 0-1: Ball 1-1: Ball 2-1: Ground out 1-3 (Groundball, 15S, EV 60.6 MPH)
|
| Top of the 2nd over - 0 runs, 0 hits, 0 errors, 0 left on base; Lynn 0 - Manchester 0 |
| BOTTOM OF THE 2ND |
|
Manchester Fisher Cats batting - Pitching for Lynn Sailors : LHP Rick Adair
|
|
Batting: LHB Mike Ciampa
|
0-0: Called Strike 0-1: Foul Ball, location: 2F 0-2: Ball 1-2: Ball 2-2: Foul Ball, location: 2F 2-2: Strikes out looking
|
|
Batting: LHB Mel Hall
|
0-0: Called Strike 0-1: Swinging Strike 0-2: Foul Ball, location: 2F 0-2: Ball 1-2: Strikes out swinging
|
|
Batting: RHB Tony Stevens
|
0-0: Fly out, F8 (Flyball, 8RS, EV 95.0 MPH)
|
| Bottom of the 2nd over - 0 runs, 0 hits, 0 errors, 0 left on base; Lynn 0 - Manchester 0 |
| TOP OF THE 3RD |
|
Lynn Sailors batting - Pitching for Manchester Fisher Cats : RHP Octavio Avila
|
|
Batting: RHB Vinny Jaramillo
|
0-0: Ball 1-0: Ball 2-0: Called Strike 2-1: SINGLE (Groundball, 56S, EV 71.9 MPH) (infield hit)
|
|
Batting: SHB Danny Gans
|
0-0: Called Strike 0-1: DOUBLE (Flyball, 3D, EV 95.6 MPH) Vinny Jaramillo to third
|
|
Batting: RHB Ezequiel Carrasco
|
0-0: Ground out 5-3 (Groundball, 56, EV 102.5 MPH) Vinny Jaramillo scores
|
|
Batting: SHB Bip Roberts
|
0-0: Ball 1-0: Ball 2-0: Called Strike 2-1: Ground out 5-3 (Groundball, 56S, EV 71.9 MPH) Danny Gans to third
|
|
Batting: RHB Ron Wotus
|
0-0: Ball 1-0: SINGLE (Line Drive, 6D, EV 94.4 MPH) Danny Gans scores
|
|
Batting: RHB Mike Rubel
|
0-0: Called Strike 0-1: Called Strike 0-2: Foul Ball, location: 2F 0-2: Ball 1-2: Fly out, F8 (Flyball, 8LM, EV 88.1 MPH)
|
| Top of the 3rd over - 2 runs, 3 hits, 0 errors, 1 left on base; Lynn 2 - Manchester 0 |
| BOTTOM OF THE 3RD |
|
Manchester Fisher Cats batting - Pitching for Lynn Sailors : LHP Rick Adair
|
|
Batting: RHB Buddy Pryor
|
0-0: Ball 1-0: Swinging Strike 1-1: Called Strike 1-2: Ball 2-2: Strikes out looking
|
|
Batting: RHB Paul Croft
|
0-0: Called Strike 0-1: Ball 1-1: Foul Ball, location: 2F 1-2: Foul Ball, location: 2F 1-2: Ground out 5-3 (Groundball, 5, EV 94.4 MPH)
|
|
Batting: RHB Kevin Darst
|
0-0: Ball 1-0: Ball 2-0: Ball 3-0: Called Strike 3-1: Base on Balls
|
|
Batting: RHB Reymundo Estevez
|
0-0: Ball 1-0: Ball 2-0: Ball 3-0: Called Strike 3-1: Foul Ball, location: 2F 3-2: Base on Balls Kevin Darst to second
|
|
Batting: SHB Stan Javier
|
0-0: Fly out, F5 (Flyball, 5D, EV 81.3 MPH)
|
| Bottom of the 3rd over - 0 runs, 0 hits, 0 errors, 2 left on base; Lynn 2 - Manchester 0 |
| TOP OF THE 4TH |
|
Lynn Sailors batting - Pitching for Manchester Fisher Cats : RHP Octavio Avila
|
|
Batting: RHB Ken Gerhart
|
0-0: Called Strike 0-1: Ball 1-1: Foul Ball, location: 2F 1-2: Foul Ball, location: 2F 1-2: Strikes out looking
|
|
Batting: RHB Mike Reddish
|
0-0: Called Strike 0-1: Ball 1-1: Foul Ball, location: 2F 1-2: Ball 2-2: SOLO HOME RUN (Flyball, 78XD, EV 97.5 MPH), Distance : 439 ft
|
|
Batting: RHB Jorge Hinojosa
|
0-0: Ground out 5-3 (Groundball, 5L, EV 83.8 MPH)
|
|
Batting: RHB Vinny Jaramillo
|
0-0: Ball 1-0: Foul Ball, location: 2F 1-1: Called Strike 1-2: Ball 2-2: Ball 3-2: Strikes out swinging
|
| Top of the 4th over - 1 run, 1 hit, 0 errors, 0 left on base; Lynn 3 - Manchester 0 |
| BOTTOM OF THE 4TH |
|
Manchester Fisher Cats batting - Pitching for Lynn Sailors : LHP Rick Adair
|
|
Batting: SHB Danny Hernandez
|
0-0: Ball 1-0: Foul Ball, location: 2F 1-1: Ball 2-1: Ball 3-1: Base on Balls
|
|
Batting: LHB Mike Ciampa
|
0-0: Ball 1-0: Ball 2-0: Called Strike Danny Hernandez steals 2nd base 2-1: Ground out 6-3 (Groundball, 6, EV 93.8 MPH) Danny Hernandez to third
|
|
Batting: LHB Mel Hall
|
0-0: Ball 1-0: Swinging Strike 1-1: Fly out, F7 (Flyball, 7LD, EV 92.5 MPH) Runner from 3rd tags up, SCORES, throw by LF
|
|
Batting: RHB Tony Stevens
|
0-0: Ball 1-0: Ball 2-0: Called Strike 2-1: Foul Ball, location: 2F 2-2: Ball 3-2: Foul Ball, location: 2F 3-2: Ground out 6-3 (Groundball, 6, EV 88.8 MPH)
|
| Bottom of the 4th over - 1 run, 0 hits, 0 errors, 0 left on base; Lynn 3 - Manchester 1 |
| TOP OF THE 5TH |
|
Lynn Sailors batting - Pitching for Manchester Fisher Cats : RHP Octavio Avila
|
|
Batting: SHB Danny Gans
|
0-0: Ball 1-0: Ball 2-0: Ball 3-0: Base on Balls
|
|
Batting: RHB Ezequiel Carrasco
|
0-0: Bunt - Flyout to 13! F1
|
|
Batting: SHB Bip Roberts
|
0-0: Ball 1-0: DOUBLE (Line Drive, 89D, EV 106.9 MPH) Danny Gans to third Runner from 3rd tries for Home, SAFE, throw by RF to trailing runner, SAFE at third!
|
|
Batting: RHB Ron Wotus
|
0-0: Ball 1-0: Foul Ball, location: 2F 1-1: Swinging Strike 1-2: SINGLE (Groundball, 56D, EV 95.0 MPH) Bip Roberts scores
|
|
Pitching: RHP Keith Creel
|
|
|
Batting: RHB Mike Rubel
|
0-0: Ball 1-0: Called Strike 1-1: Called Strike 1-2: Strikes out swinging
|
|
Batting: RHB Ken Gerhart
|
0-0: Swinging Strike 0-1: Swinging Strike 0-2: Strikes out swinging
|
| Top of the 5th over - 2 runs, 2 hits, 0 errors, 1 left on base; Lynn 5 - Manchester 1 |
| BOTTOM OF THE 5TH |
|
Manchester Fisher Cats batting - Pitching for Lynn Sailors : LHP Rick Adair
|
|
Batting: RHB Buddy Pryor
|
0-0: Called Strike 0-1: SOLO HOME RUN (Flyball, 8LXD, EV 105.0 MPH), Distance : 420 ft
|
|
Batting: RHB Paul Croft
|
0-0: Ground out 6-3 (Groundball, 6, EV 85.6 MPH)
|
|
Batting: RHB Kevin Darst
|
0-0: Ball 1-0: Ball 2-0: Ball 3-0: Base on Balls
|
|
Batting: RHB Reymundo Estevez
|
0-0: Called Strike 0-1: Called Strike 0-2: Ball 1-2: Fielders Choice at 2nd, 5-4 (Groundball, 5L, EV 85.6 MPH)
|
|
Batting: SHB Stan Javier
|
0-0: Called Strike 0-1: Ball 1-1: Fly out, F9 (Line Drive, 9D, EV 95.6 MPH)
|
| Bottom of the 5th over - 1 run, 1 hit, 0 errors, 1 left on base; Lynn 5 - Manchester 2 |
| TOP OF THE 6TH |
|
Lynn Sailors batting - Pitching for Manchester Fisher Cats : RHP Keith Creel
|
|
Batting: RHB Mike Reddish
|
0-0: Swinging Strike 0-1: Ball 1-1: Swinging Strike 1-2: Fly out, F8 (Flyball, 8RXD, EV 110.6 MPH)
|
|
Batting: RHB Jorge Hinojosa
|
0-0: SINGLE (Line Drive, 34D, EV 96.9 MPH)
|
|
Batting: RHB Vinny Jaramillo
|
0-0: Ball 1-0: Ball 2-0: Foul Ball, location: 2F 2-1: Ball 3-1: Base on Balls Jorge Hinojosa to second
|
|
Batting: SHB Danny Gans
|
0-0: Ball 1-0: DOUBLE (Line Drive, 3D, EV 108.1 MPH) Jorge Hinojosa scores Vinny Jaramillo to third Runner from 3rd tries for Home, SAFE, throw by RF to trailing runner, OUT at third! 9-3-5
|
|
Batting: RHB Ezequiel Carrasco
|
0-0: Ball 1-0: Foul Ball, location: 2F 1-1: Called Strike 1-2: Ball 2-2: SINGLE (Flyball, 7LS, EV 90.0 MPH)
|
|
Batting: SHB Bip Roberts
|
0-0: Called Strike 0-1: Foul Ball, location: 2F 0-2: Ball 1-2: Ground out 6-3 (Groundball, 6S, EV 71.9 MPH)
|
| Top of the 6th over - 2 runs, 3 hits, 0 errors, 1 left on base; Lynn 7 - Manchester 2 |
| BOTTOM OF THE 6TH |
|
Manchester Fisher Cats batting - Pitching for Lynn Sailors : LHP Rick Adair
|
|
Batting: SHB Danny Hernandez
|
0-0: Called Strike 0-1: Called Strike 0-2: Ball 1-2: Fly out, F6 (Flyball, 56D, EV 86.3 MPH)
|
|
Batting: LHB Mike Ciampa
|
0-0: Ball 1-0: Called Strike 1-1: Ball 2-1: Ball 3-1: Foul Ball, location: 2F 3-2: Foul Ball, location: 2F 3-2: Foul Ball, location: 2F 3-2: Ground out 5-3 (Groundball, 5, EV 86.3 MPH)
|
|
Batting: LHB Mel Hall
|
0-0: Fly out, F8 (Flyball, 89M, EV 88.1 MPH)
|
| Bottom of the 6th over - 0 runs, 0 hits, 0 errors, 0 left on base; Lynn 7 - Manchester 2 |
| TOP OF THE 7TH |
|
Lynn Sailors batting - Pitching for Manchester Fisher Cats : RHP Keith Creel
|
|
Batting: RHB Ron Wotus
|
0-0: Called Strike 0-1: Fly out, F7 (Flyball, 7LD, EV 91.9 MPH)
|
|
Batting: RHB Mike Rubel
|
0-0: Called Strike 0-1: Ball 1-1: Foul Ball, location: 2F 1-2: Foul Ball, location: 2F 1-2: Ball 2-2: Ground out 4-3 (Groundball, 4D, EV 89.4 MPH)
|
|
Batting: RHB Ken Gerhart
|
0-0: Ball 1-0: Ball 2-0: Ball 3-0: Base on Balls
|
|
Batting: RHB Mike Reddish
|
0-0: Ball 1-0: Fielders Choice at 2nd, 6-4 (Groundball, 6, EV 87.5 MPH)
|
| Top of the 7th over - 0 runs, 0 hits, 0 errors, 1 left on base; Lynn 7 - Manchester 2 |
| BOTTOM OF THE 7TH |
|
Manchester Fisher Cats batting - Pitching for Lynn Sailors : LHP Rick Adair
|
|
Batting: RHB Tony Stevens
|
0-0: Foul Ball, location: 2F 0-1: Called Strike 0-2: Strikes out swinging
|
|
Batting: RHB Buddy Pryor
|
0-0: Called Strike 0-1: Ball 1-1: Ball 2-1: SINGLE (Flyball, 5D, EV 88.8 MPH)
|
|
Batting: RHB Paul Croft
|
0-0: Foul Ball, location: 2F 0-1: Ball 1-1: Ball 2-1: Ball 3-1: Swinging Strike 3-2: Strikes out swinging
|
|
Pitching: RHP Larry Hrynko
|
|
|
Batting: RHB Kevin Darst
|
0-0: Called Strike 0-1: Fly out, F8 (Flyball, 89D, EV 100.6 MPH)
|
| Bottom of the 7th over - 0 runs, 1 hit, 0 errors, 1 left on base; Lynn 7 - Manchester 2 |
| TOP OF THE 8TH |
|
Lynn Sailors batting - Pitching for Manchester Fisher Cats : RHP Keith Creel
|
|
Batting: RHB Jorge Hinojosa
|
0-0: Fly out, F8 (Flyball, 8LXD, EV 103.8 MPH)
|
|
Batting: RHB Vinny Jaramillo
|
0-0: Foul Ball, location: 2F 0-1: SINGLE (Groundball, P, EV 89.4 MPH) (infield hit)
|
|
Batting: SHB Danny Gans
|
0-0: Called Strike Vinny Jaramillo steals 2nd base (no throw) 0-1: Swinging Strike 0-2: Ball 1-2: Ball 2-2: Ball 3-2: Strikes out swinging
|
|
Pitching: RHP Jesse Flores
|
|
|
Batting: RHB Ezequiel Carrasco
|
0-0: Ball 1-0: Foul Ball, location: 2F 1-1: Ball 2-1: Foul Ball, location: 2F 2-2: Foul Ball, location: 2F 2-2: Strikes out swinging
|
| Top of the 8th over - 0 runs, 1 hit, 0 errors, 1 left on base; Lynn 7 - Manchester 2 |
| BOTTOM OF THE 8TH |
|
Manchester Fisher Cats batting - Pitching for Lynn Sailors : RHP Larry Hrynko
|
|
Batting: RHB Reymundo Estevez
|
0-0: SINGLE (Groundball, 34D, EV 98.8 MPH)
|
|
Batting: SHB Stan Javier
|
0-0: Called Strike 0-1: Ball 1-1: Fly out, F8 (Flyball, 89D, EV 87.5 MPH)
|
|
Batting: SHB Danny Hernandez
|
0-0: Foul Ball, location: 2F 0-1: Ball 1-1: Foul Ball, location: 2F 1-2: Fielders Choice at 2nd, 3-6 (Groundball, 34S, EV 86.9 MPH)
|
|
Batting: LHB Mike Ciampa
|
0-0: Ball 1-0: Ball 2-0: Called Strike 2-1: Ground out 4-3 (Groundball, 13, EV 83.8 MPH)
|
| Bottom of the 8th over - 0 runs, 1 hit, 0 errors, 1 left on base; Lynn 7 - Manchester 2 |
| TOP OF THE 9TH |
|
Lynn Sailors batting - Pitching for Manchester Fisher Cats : RHP Jesse Flores
|
|
Batting: SHB Bip Roberts
|
0-0: Called Strike 0-1: Foul Ball, location: 2F 0-2: Foul Ball, location: 2F 0-2: Strikes out swinging
|
|
Batting: RHB Ron Wotus
|
0-0: Ball 1-0: Foul Ball, location: 2F 1-1: Ball 2-1: Called Strike 2-2: Strikes out looking
|
|
Batting: RHB Mike Rubel
|
0-0: Ball 1-0: Ball 2-0: Ball 3-0: Called Strike 3-1: Base on Balls
|
|
Batting: RHB Ken Gerhart
|
0-0: Ball 1-0: Foul Ball, location: 2F 1-1: Ball 2-1: Foul Ball, location: 2F 2-2: Foul Ball, location: 2F 2-2: Foul Ball, location: 2F 2-2: Ball 3-2: Strikes out looking
|
| Top of the 9th over - 0 runs, 0 hits, 0 errors, 1 left on base; Lynn 7 - Manchester 2 |
| BOTTOM OF THE 9TH |
|
Manchester Fisher Cats batting - Pitching for Lynn Sailors : RHP Larry Hrynko
|
|
Batting: LHB Mel Hall
|
0-0: Ball 1-0: Swinging Strike 1-1: Ball 2-1: Foul Ball, location: 2F 2-2: Ball 3-2: SINGLE (Line Drive, 8RS, EV 102.5 MPH)
|
|
Batting: RHB Tony Stevens
|
0-0: Ball 1-0: Foul Ball, location: 2F 1-1: Fly out, F9 (Flyball, 9LS, EV 91.3 MPH)
|
|
Batting: RHB Buddy Pryor
|
0-0: SINGLE (Groundball, 6MD, EV 96.9 MPH) Mel Hall to second
|
|
Batting: RHB Paul Croft
|
0-0: Fly out, F8 (Flyball, 8RXD, EV 95.6 MPH) Runner from 2nd tags up, SAFE at 3rd, no throw by CF
|
|
Pitching: RHP Jose Morales
|
|
|
Batting: RHB Kevin Darst
|
0-0: Foul Ball, location: 2F 0-1: SINGLE (Groundball, 34S, EV 73.1 MPH) (infield hit) Mel Hall scores Buddy Pryor to second
|
|
Batting: RHB Reymundo Estevez
|
0-0: Called Strike 0-1: Fly out, F7 (Flyball, 7S, EV 82.5 MPH)
|
| Bottom of the 9th over - 1 run, 3 hits, 0 errors, 2 left on base; Lynn 7 - Manchester 3 |
|